 Dungeon Crawl Stone Soup version 0.29.1-1-gd02db6906a (webtiles) character file.

Game seed: 17951142745924194696

301 hawla the Conjurer (level 6, -2/45 HPs)
             Began as a Draconian Conjurer on Sept 21, 2022.
             Succumbed to their own poison gas
             ... on level 3 of the Dungeon.
             The game lasted 00:10:02 (3971 turns).

hawla the Conjurer (Draconian Conjurer)             Turns: 3971, Time: 00:10:02

Health: -2/45      AC:  7    Str:  6 (9)  XL:     6   Next: 14%
Magic:  0/9        EV: 11    Int: 19 (20) God:
Gold:   203        SH:  0    Dex:  7 (10) Spells: 2/9 levels left

rFire   . . .      SeeInvis .   (no weapon)
rCold   . . .      Faith    .   (no shield)
rNeg    . . .      Spirit   .   (body armour unavailable)
rPois   .          Reflect  .   (helmet restricted)
rElec   .          Harm     .   n - +0 cloak
rCorr   .          Rampage  .   (no gloves)
Will    .....                   (no boots)
Stlth   ++........              (no amulet)
HPRegen 0.15/turn               (no ring)
MPRegen 0.11/turn               (no ring)

@: lethally poisoned (-2 -> -39)
A: AC +6, unfitting armour, cold-blooded
a: no special abilities


You were on level 3 of the Dungeon.
You visited 1 branch of the dungeon, and saw 4 of its levels.

You collected 203 gold pieces.

Inventory:

Missiles
 m - 5 atropa-tipped darts
Armour
 n - a +0 cloak (worn)
Wands
 e - a wand of charming (7)
 g - a wand of flame (43)
Scrolls
 c - a scroll of identify
 l - a scroll of blinking {unknown}
 p - a scroll of teleportation {unknown}
Potions
 a - a potion of might
 b - a potion of lignification
 f - 2 potions of magic
 h - a potion of flight {unknown}
 i - a potion of curing {unknown}
 k - a potion of attraction {unknown}
 o - a potion of resistance {unknown}


   Skills:
 - Level 2.0 Dodging
 - Level 2.0 Stealth
 - Level 2.3 Spellcasting
 * Level 6.8 Conjurations
 * Level 1.6 Translocations


You had 2 spell levels left.
You knew the following spells:

 Your Spells              Type           Power      Damage    Failure   Level
a - Magic Dart            Conj           100%       1d8       1%          1
b - Searing Ray           Conj           56%        2d6       1%          2
c - Iskenderun's Mystic   Conj/Tloc      18%        2d6       28%         4

Your spell library contained the following spells:

 Spells                   Type           Power      Damage    Failure   Level
 Sublimation of Blood     Necr           2%         N/A       24%         2
 Wereblood                Tmut           2%         N/A       24%         2
 Dazzling Flash           Conj/Hex       30%        N/A       12%         3
 Fulminant Prism          Conj/Hex       7%         3d7       36%         4
 Summon Hydra             Summ           1%         N/A       100%        7


Dungeon Overview and Level Annotations

Branches:
Dungeon (4/15)
 Temple: D:4-7

Altars:
Dithmenos


Innate Abilities, Weirdness & Mutations

Your plain brown scales are hard. (AC +6)
You cannot fit into any form of body armour.
You are cold-blooded and may be slowed by cold attacks.


Message History

Press: ? - help, Shift-Dir - straight line, f/p - phantom
Aim: a phantom (heavily damaged, 100% to hit)
The magic dart hits the phantom.
The phantom is heavily damaged.
The phantom hits you but does no damage.
Unknown command.
The air fills with toxic fumes!
As you read the scroll labelled CER NEYHOLA, it crumbles to dust.
It was a scroll of poison.
The phantom hits you but does no damage.
You closely miss the phantom.
The phantom is heavily damaged.
The phantom barely misses you.
You closely miss the phantom.
The phantom is heavily damaged.
The phantom closely misses you.
Casting: Magic Dart (safe; 1% risk of failure)
Confirm with . or Enter, or press ? or * to list all spells.
Aiming: Magic Dart (safe; 1% risk of failure)
Press: ? - help, Shift-Dir - straight line, f/p - phantom
Aim: a phantom (heavily damaged, 100% to hit)
The magic dart hits the phantom!
The phantom is almost destroyed.
The phantom hits you.
You hit the phantom.
The phantom is almost destroyed.
The phantom barely misses you.
You closely miss the phantom.
The phantom is almost destroyed.
The phantom hits you.
The phantom blinks!
You blink.
You are engulfed in poison gas.
You are lethally poisoned!
* * * LOW HITPOINT WARNING * * *
x2 You feel very sick.
It was a potion of degeneration.
There was something very wrong with that liquid.
You feel weakened.
You feel dopey.
You feel clumsy.
You are engulfed in poison gas.
You are more poisoned.
You die...

### ##.## ..#.# .#.## .#.#
.#.# .#.##############
................############
.#.############.@W☼§§§.§...#
.#.# ############.# .#.# ###
#.# ...# ♣~# #.#
##.########## ♣♣♣~♣# #.#
#..........♣ ♣P~P~♣# #.#
#.########♣♣♣♣~~~~~♣# #.#
#.#######♣♣♣~P~~~~P~♣# #.#
#.......♣♣~~~P~≈≈~~~~♣# #.#


You could see a phantom.

Vanquished Creatures
  Terence (D:2)
  3 orc wizards
  3 gnolls (D:2)
  8 adders
  A shadow imp (D:3)
  A worm (D:2)
  3 dart slugs
  8 orcs
  5 ball pythons
  7 bats
  8 endoplasms
  4 goblins
  6 hobgoblins
  7 jackals
  2 quokkas
  A frilled lizard (D:1)
  A kobold (D:1)
  10 rats
79 creatures vanquished.

Vanquished Creatures (others)
  A plant (D:1)
1 creature vanquished.

Grand Total: 80 creatures vanquished

Notes
Turn   | Place    | Note
-------+----------+-------------------------------------------
     0 | D:1      | hawla the Draconian Conjurer began the quest for the Orb.
     0 | D:1      | Reached XP level 1. HP: 14/14 MP: 3/3
   308 | D:1      | Reached XP level 2. HP: 20/20 MP: 0/5
   643 | D:1      | Learned a level 2 spell: Searing Ray
  1247 | D:2      | Reached XP level 3. HP: 26/26 MP: 4/6
  1324 | D:2      | Found a shadowy altar of Dithmenos.
  1337 | D:2      | Reached skill level 5 in Conjurations
  1458 | D:2      | Reached XP level 4. HP: 28/33 MP: 0/7
  1478 | D:1      | Learned a level 4 spell: Iskenderun's Mystic Blast
  1784 | D:2      | Noticed Terence
  1788 | D:2      | Killed Terence
  1959 | D:2      | Reached XP level 5. HP: 33/38 MP: 3/8
  2206 | D:2      | Reached skill level 6 in Conjurations
  2462 | D:3      | Reached skill level 1 in Translocations
  3739 | D:4      | Reached XP level 6. HP: 45/45 MP: 4/9
  3971 | D:3      | Succumbed to their own poison gas

Illustrated notes

Levels and vault maps discovered:
D:1:      denvon_arrival_planthouse, layout_rooms
D:2:      layout_basic, basic_altar, uniq_terence
D:3:      layout_loops_ring, dk_noncrumbling_4, serial_bayou_lagoon_b
D:4:      layout_basic, minitemple, mainiacjoe_overflow_alcove_4

Skill      XL: |  1  2  3  4  5 |
---------------+----------------+-----
Stealth        | 2 |  2.0
Conjurations   | 5 6 |  6.8
Dodging        | 2 |  2.0
Translocations | 1 |  1.6
Spellcasting   | |  2.3

Action                   |  1- 3 |  4- 6 || total
-------------------------+-------+-------++-------
Melee: Unarmed           |    19 |    37 ||    56
       Punch             |     1 |       ||     1
       Tailslap          |     3 |     6 ||     9
 Cast: Magic Dart        |    50 |    25 ||    75
       Searing Ray       |     7 |    34 ||    41
       Iskenderun's Myst |       |     1 ||     1
  Use: Scroll            |     2 |     3 ||     5
       Potion            |     1 |     2 ||     3
Armor: Skin              |     7 |    30 ||    37
Dodge: Dodged            |    28 |    58 ||    86
